 Dungeon Crawl Stone Soup version 0.27-a0-385-g3208aba (webtiles) character file.

Game seed: 7007961761002730365

65006 SaberOx the Severer (level 14, -10/104 (122) HPs)
             Began as a Minotaur Berserker on Feb 16, 2021.
             Was a High Priest of Trog.
             Mangled by Montycc's ghost (13 damage)
             ... on level 6 of the Lair of Beasts on Feb 19, 2021.
             The game lasted 01:45:03 (20634 turns).

SaberOx the Severer (Minotaur Berserker)           Turns: 20634, Time: 01:45:04

HP:   -10/104 (122) AC: 30    Str: 27    XL:     14   Next: 73%
MP:   13/13         EV:  9    Int:  4    God:    Trog [*****.]
Gold: 1119          SH:  0    Dex: 10    Spells: 13/13 levels left

rFire    . . .     SeeInvis .   B - +3 executioner's axe (flame)
rCold    . . .     Faith    .   (shield currently unavailable)
rNeg     + . .     Spirit   .   g - +6 plate armour {rPois}
rPois    +         Reflect  .   (helmet restricted)
rElec    .         Harm     .   (no cloak)
rCorr    .         Rampage  .   j - +2 pair of gloves
Will     ++...                  (no boots)
Stlth    ..........             (no amulet)
HPRegen  0.27/turn              r - +4 ring of protection
MPRegen  0.13/turn              f - ring of positive energy {LOL}

@: mighty, berserk cooldown, hasted and slowed, heavily drained
A: retaliatory headbutt, horns 2, blurry vision 1, frail 1, strong-willed 1,
wild magic 1
a: Renounce Religion, Berserk, Trog's Hand, Brothers in Arms


You were on level 6 of the Lair of Beasts.
You worshipped Trog.
Trog was extremely pleased with you.
You visited 3 branches of the dungeon, and saw 17 of its levels.
You visited the Abyss 1 time.

You collected 1756 gold pieces.
You spent 637 gold pieces at shops.

Inventory:

Hand Weapons
 B - a +3 executioner's axe of flaming (weapon)
Missiles
 c - a boomerang (quivered)
 h - 6 silver boomerangs
Armour
 g - a +6 plate armour of poison resistance (worn)
 j - a +2 pair of gloves (worn)
Jewellery
 d - a ring of protection from cold
 f - a ring of positive energy (right hand) {LOL}
 n - a +6 ring of intelligence {unknown}
 r - a +4 ring of protection (left hand)
 w - the ring "Righ" {+Fly rPois rF+ rC+ Int-4}
   (You bought it in a shop on level 9 of the Dungeon)

   [ring of protection from fire]

   It affects your intelligence (-4).
   It protects you from fire.
   It protects you from cold.
   It protects you from poison.
   It lets you fly.
Wands
 a - a wand of digging (6)
 l - a wand of iceblast (8)
 m - a wand of polymorph (9)
 v - a wand of paralysis (11)
 x - a wand of random effects (21)
 y - a wand of flame (19)
 A - a wand of charming (4)
Scrolls
 e - 6 scrolls of teleportation
 k - a scroll of blinking
 s - 2 scrolls of noise
 t - a scroll of fear
 u - 3 scrolls of fog
Potions
 b - 2 potions of flight
 i - 2 potions of berserk rage
 o - 3 potions of brilliance
 p - 2 potions of might
 q - 11 potions of ambrosia


   Skills:
 + Level 15.8 Fighting
 * Level 19.9 Axes
 - Level 2.2 Throwing
 + Level 15.6 Armour
 - Level 2.4 Dodging


You had 13 spell levels left.
You didn't know any spells.
Your spell library contained the following spells:

 Spells                   Type           Power        Failure   Level
 Animate Skeleton         Necr           0%           99%         1
 Apportation              Tloc           0%           99%         1
 Corona                   Hex            0%           99%         1
 Summon Small Mammal      Summ           0%           99%         1


Dungeon Overview and Level Annotations

Branches:
Dungeon (10/15)            Temple (1/1) D:7            Lair (6/6) D:8
 Shoals (0/4) Lair:4       Spider (0/4) Lair:2        Slime (0/5) Lair:6
    Orc (0/2) D:10

Altars:
Ashenzari
Cheibriados
Dithmenos
Elyvilon
Fedhas
Gozag
Hepliaklqana
Kikubaaqudgha
Makhleb
Nemelex Xobeh
Okawaru
Qazlal
Ru
Sif Muna
Trog
Uskayaw
Vehumet
Wu Jian
Xom
Yredelemnul
Zin
The Shining One

Shops:
D:4 *   D:7 (*(!   D:8 (   D:9 =

Annotations:
Lair:3 exclusion: 4 oklob plants
Lair:6 Montycc's ghost, journeyman MiBe


Innate Abilities, Weirdness & Mutations

You reflexively headbutt those who attack you in melee.
You have a pair of horns on your head.
Scrolls take you a little longer to read.
You are frail. (-10% HP)
You are strong-willed. (Will+)
Your spells are a little harder to cast, but a little more powerful.


Message History

Your headbutt misses Montycc's ghost.
Montycc's ghost is severely damaged.
The spriggan rider hits you from afar with the +0 spear of Reason {vorpal, Int+4}!!
* * * LOW HITPOINT WARNING * * *
x2 Montycc's ghost hits you!
* * * LOW HITPOINT WARNING * * *
You partially resist.
You feel drained. The spriggan rider closely misses you.
Montycc's ghost barely misses you.
You miss Montycc's ghost. Your headbutt misses Montycc's ghost.
Montycc's ghost is severely damaged.
You slice the black bear!! You burn the black bear!
You kill the black bear!
Trog accepts your kill. Montycc's ghost hits you.
* * * LOW HITPOINT WARNING * * *
You partially resist.
You feel drained.
You feel much better.
The spriggan rider hits you from afar with the +0 spear of Reason {vorpal, Int+4}!
* * * LOW HITPOINT WARNING * * *
x2 Montycc's ghost hits you!
* * * LOW HITPOINT WARNING * * *
You partially resist.
You feel drained.
* * * LOW HITPOINT WARNING * * *
The spriggan rider hits you but does no damage.
Montycc's ghost closely misses you.
Unknown command.
Montycc's ghost makes a sound of rattling chains.
The boggart gestures wildly while chanting.
The boggart blinks!
The spriggan rider hits you but does no damage.
You feel yourself speed up.
The boggart casts a spell.
Montycc's ghost hits you but does no damage.
You partially resist.
The spriggan rider hits you but does no damage.
The boggart points at itself and mumbles some strange words.
The boggart flickers and vanishes!
Deactivating autopickup; reactivate with Ctrl-A.
Montycc's ghost hits you!
You die...

........##..##
.............#........##
............♣#..........
...........♣♣♣♣.........
♣#......♣♣♣♣P.♣.........
♣......♣♣.♣.=♣#..........
♣♣.....♣.....#8..........
P♣.....♣ ♣?.§#ih.........
♣......♣ ♣.'.W@†.......
♣......♣ ♣.#....S......
♣♣.....♣ ♣♣#8..........
♣.....♣♣ ♣♣#...{......
.♣......♣♣♣♣..♣..........
P♣.........♣♣♣♣.P........
♣♣♣..............P.......
P♣...........#...........
♣♣.........##............


You could see a spriggan rider, a black mamba (summoned), a wolf and Montycc's
ghost.

Vanquished Creatures
  A starcursed mass (Abyss:3)
  The ghost of Grijm the Jinx, a journeyman FoWz of Zin (Lair:1)
  A fire dragon (Lair:6)
  Harold (D:7)
  7 hydras
  A boulder beetle (Lair:2)
  A catoblepas (Lair:3)
  An alligator (Lair:4)
  5 two-headed ogres
  Nergalle (D:10)
  A swamp dragon (Lair:6)
  A lindwurm (Lair:6)
  Pikel (D:4)
  The ghost of edsrzf the Covert, a novice DEEn of Vehumet (D:9)
  13 elephants
  6 black mambas
  An orange demon (Abyss:3)
  11 cane toads
  A spectral redback (D:9)
  Maggie (D:7)
  A kobold demonologist (D:8)
  5 rime drakes
  15 komodo dragons
  2 queen bees
  4 trolls
  7 polar bears (Lair:6)
  19 blink frogs
  6 raiju (Lair:6)
  A snapping turtle (Lair:4)
  6 dream sheep (Lair:6)
  Prince Ribbit (D:6)
  A redback (Lair:2)
  3 centaur simulacra (D:9)
  A vampire (D:6)
  34 yaks
  4 wyverns
  Grum (D:8)
  5 steam dragons
  5 basilisks
  A chaos spawn (Abyss:3)
  A vampire mosquito (D:8)
  3 wargs (Lair:6)
  Duvessa (D:7)
  14 water moccasins
  8 hell hounds (Lair:6)
  12 black bears
  4 orc warriors
  2 necrophages
  2 sky beasts
  3 ice beasts
  2 swamp drakes (Lair:6)
  19 wolves
  7 ogres
  A lemure (D:4)
  5 centaurs
  5 phantoms
  A wyvern zombie (D:10)
  18 bullfrogs
  2 gnoll sergeants
  Dowan (D:7)
  A wyvern skeleton (D:10)
  7 scorpions
  3 troll zombies (D:10)
  A water moccasin skeleton (D:7)
  63 killer bees
  13 wights
  A howler monkey (D:8)
  8 electric eels
  A bullfrog zombie (D:4)
  2 centaur zombies
  7 hounds (D:8)
  5 jellies
  A bullfrog skeleton (D:8)
  3 orc priests
  A centaur skeleton (D:7)
  A gnoll shaman (D:10)
  Terence (D:2)
  13 orc wizards
  5 worker ants
  7 iguanas
  7 hell rats (Lair:2)
  5 ogre zombies (D:10)
  A bullfrog simulacrum (D:9)
  A hound zombie (D:6)
  4 hound skeletons
  A howler monkey zombie (D:6)
  Robin (D:2)
  18 gnolls
  8 adders
  A howler monkey skeleton (D:9)
  A river rat (Lair:3)
  2 white imps
  An ufetubus (D:8)
  An ooze (D:7)
  2 adder skeletons
  4 worms
  3 dart slugs
  4 leopard geckos
  25 orcs
  10 giant cockroaches
  19 goblins
  9 hobgoblins
  9 jackals
  4 quokkas
  2 ball pythons (D:3)
  9 bats
  5 frilled lizards
  A goblin skeleton (D:10)
  3 goblin zombies (D:10)
  3 hobgoblin skeletons (D:10)
  2 hobgoblin zombies (D:10)
  6 kobolds
  A leopard gecko skeleton (D:4)
  A leopard gecko zombie (D:8)
  6 orc skeletons (D:10)
  10 orc zombies (D:10)
  2 quokka skeletons
  14 rats
  A plant (Lair:1)
641 creatures vanquished.

Vanquished Creatures (collateral kills)
  A hydra (Lair:3)
  2 polar bears (Lair:6)
  A raiju (Lair:6)
  A dream sheep (Lair:6)
  A basilisk (Lair:3)
  A warg (Lair:6)
  2 hell hounds (Lair:6)
  A black bear (Lair:6)
  2 wolves
  4 killer bees (Lair:3)
16 creatures vanquished.

Vanquished Creatures (others)
  A manticore (Lair:3)
  A wyvern (Lair:3)
  A killer bee (Lair:3)
  31 fungi
  93 plants
127 creatures vanquished.

Grand Total: 784 creatures vanquished

Notes
Turn   | Place    | Note
-------+----------+-------------------------------------------
     0 | D:1      | SaberOx the Minotaur Berserker began the quest for the Orb.
     0 | D:1      | Reached XP level 1. HP: 19/19 MP: 0/0
   725 | D:1      | Reached XP level 2. HP: 16/27 MP: 1/1
   732 | D:1      | Reached skill level 4 in Axes
  1366 | D:1      | Reached XP level 3. HP: 34/34 MP: 2/2
  1367 | D:1      | Reached ** piety under Trog
  1376 | D:1      | Upgraded the game from 0.27-a0-362-g8331d79 to
                  | 0.27-a0-367-g54d06ca
  1602 | D:2      | Noticed Robin
  1617 | D:2      | Killed Robin
  1637 | D:2      | Noticed Terence
  1652 | D:2      | Killed Terence
  1653 | D:2      | Reached skill level 5 in Axes
  1653 | D:2      | Reached XP level 4. HP: 36/41 MP: 3/3
  2168 | D:2      | Reached XP level 5. HP: 34/47 MP: 4/4
  2445 | D:2      | Reached skill level 5 in Fighting
  2486 | D:2      | Reached *** piety under Trog
  2771 | D:3      | Reached skill level 6 in Axes
  3008 | D:3      | Found a glowing golden altar of the Shining One.
  3125 | D:3      | Found a glowing golden altar of the Shining One.
  3548 | D:4      | Reached XP level 6. HP: 52/56 MP: 5/5
  3770 | D:4      | Noticed Pikel
  3783 | D:4      | Killed Pikel
  3784 | D:4      | Reached skill level 8 in Axes
  3784 | D:4      | Reached skill level 5 in Armour
  3784 | D:4      | Reached XP level 7. HP: 62/62 MP: 6/6
  3975 | D:4      | Found Voahu's Assorted Antiques.
  4390 | D:4      | Reached XP level 8. HP: 70/70 MP: 7/7
  4407 | D:4      | Reached skill level 9 in Axes
  4587 | D:5      | Entered Level 5 of the Dungeon
  4800 | D:5      | Found a blossoming altar of Fedhas.
  5220 | D:5      | Reached **** piety under Trog
  5344 | D:4      | Bought an encrusted war axe for 195 gold pieces
  5346 | D:4      | Identified the +11 war axe "Tuaxkauhu" {freeze, +Rage rC+
                  | Str+5} (You bought it in a shop on level 4 of the Dungeon)
  5585 | D:5      | Reached skill level 10 in Axes
  5610 | D:5      | Found a white marble altar of Elyvilon.
  5957 | D:6      | Reached XP level 9. HP: 62/79 MP: 8/8
  6093 | D:6      | Noticed Prince Ribbit
  6104 | D:6      | Reached skill level 11 in Axes
  6802 | D:6      | Killed Prince Ribbit
  6865 | D:7      | Found Buofeb's Assorted Antiques.
  6891 | D:7      | Found Duetys's Weapon Shoppe.
  6972 | D:7      | Noticed Harold
  6984 | D:7      | Killed Harold
  6985 | D:7      | Reached skill level 12 in Axes
  6991 | D:7      | Noticed Duvessa
  6994 | D:7      | Noticed Dowan
  6996 | D:7      | Killed Duvessa
  6998 | D:7      | Killed Dowan
  7024 | D:7      | Found Rauwnum's Antique Weapon Emporium.
  7121 | D:7      | Reached XP level 10. HP: 83/90 MP: 9/9
  7125 | D:7      | Found a staircase to the Ecumenical Temple.
  7138 | Temple   | Entered the Ecumenical Temple
  7378 | Temple   | Upgraded the game from 0.27-a0-367-g54d06ca to
                  | 0.27-a0-379-g34d631f
  7470 | D:7      | Gained mutation: Your system is resistant to poisons.
                  | (rPois) [potion of mutation]
  7470 | D:7      | Gained mutation: Your spells are a little harder to cast,
                  | but a little more powerful. [potion of mutation]
  7560 | D:7      | Found Aneal's Distillery.
  7594 | D:7      | Noticed Maggie
  7599 | D:7      | Killed Maggie
  7600 | D:7      | Reached skill level 13 in Axes
  7742 | D:7      | Reached ***** piety under Trog
  7884 | D:7      | Found a burning altar of Makhleb.
  8369 | D:8      | Reached skill level 10 in Armour
  8382 | D:8      | Noticed Grum
  8400 | D:8      | Killed Grum
  8641 | D:8      | Found a staircase to the Lair.
  8644 | D:8      | Received a gift from Trog
  8645 | D:8      | Reached skill level 14 in Axes
  8645 | D:8      | Got a scorched quarterstaff {god gift}
  8961 | D:8      | Noticed a five-headed hydra
  8969 | D:8      | Killed a six-headed hydra
  8970 | D:8      | Reached skill level 1 in Throwing
  8981 | D:8      | Reached XP level 11. HP: 97/97 MP: 10/10
  8994 | D:8      | Got a fine war axe
  8998 | D:8      | Identified the +2 war axe of Prudence {vorpal, rN+ Will+}
                  | (You found it on level 8 of the Dungeon)
  9001 | D:8      | Found Yxzabe's Antique Weapon Shoppe.
  9062 | D:8      | Found a burning altar of Makhleb.
  9062 | D:8      | Found a hazy altar of Hepliaklqana.
  9064 | D:8      | Found an opulent altar of Gozag.
  9064 | D:8      | Found a sparkling altar of Nemelex Xobeh.
  9341 | D:8      | Found a sacrificial altar of Ru.
  9383 | D:8      | Found a stormy altar of Qazlal.
  9383 | D:8      | Found a sparkling altar of Nemelex Xobeh.
  9870 | D:9      | Found Sasas's Jewellery Shoppe.
  9903 | D:9      | Noticed a two-headed ogre
  9908 | D:9      | Killed a two-headed ogre
  9984 | D:9      | Noticed a two-headed ogre
  9987 | D:9      | Killed a two-headed ogre
 10284 | D:9      | Noticed a two-headed ogre
 10291 | D:9      | Killed a two-headed ogre
 10292 | D:9      | Reached skill level 10 in Fighting
 10292 | D:9      | Reached skill level 15 in Axes
 10459 | D:9      | Found a runed translucent gate.
 10459 | D:9      | Found a runed translucent gate.
 10459 | D:9      | Found a runed translucent gate.
 10465 | D:9      | Noticed edsrzf's ghost (novice DEEn)
 10480 | D:9      | Killed edsrzf's ghost
 10672 | D:10     | Entered Level 10 of the Dungeon
 10696 | D:10     | Noticed Nergalle
 10704 | D:10     | Noticed a spectral orc warlord
 10710 | D:10     | Killed Nergalle
 10813 | D:10     | Found a staircase to the Orcish Mines.
 10839 | D:10     | Received a gift from Trog
 11139 | D:10     | Identified a scroll of acquirement
 11139 | D:10     | Acquired 524 gold pieces
 11259 | D:10     | Noticed a two-headed ogre
 11264 | D:10     | Killed a two-headed ogre
 11265 | D:10     | Reached skill level 16 in Axes
 11363 | D:10     | Reached XP level 12. HP: 110/110 MP: 11/11
 11554 | D:10     | Noticed a two-headed ogre
 11557 | D:10     | Received a gift from Trog
 11560 | D:10     | Killed a two-headed ogre
 11575 | D:10     | Upgraded the game from 0.27-a0-379-g34d631f to
                  | 0.27-a0-380-g150de4c
 11833 | D:9      | Bought the ring "Righ" {+Fly rPois rF+ rC+ Int-4} for 442
                  | gold pieces
 11835 | D:9      | Lost intelligence.
 12145 | Lair:1   | Entered Level 1 of the Lair of Beasts
 12168 | Lair:1   | Noticed an eight-headed hydra
 12175 | Lair:1   | Killed a 12-headed hydra
 12341 | Lair:1   | Found a runed translucent gate.
 12341 | Lair:1   | Found a runed translucent gate.
 12341 | Lair:1   | Found a runed translucent gate.
 12342 | Lair:1   | Noticed a ten-headed hydra
 12342 | Lair:1   | Noticed an 11-headed hydra
 12342 | Lair:1   | Noticed Grijm's ghost (journeyman FoWz)
 12535 | Lair:1   | Noticed a six-headed hydra
 12546 | Lair:1   | Killed a 13-headed hydra
 13224 | Lair:1   | Killed a 14-headed hydra
 13230 | Lair:1   | Killed a 14-headed hydra
 13235 | Lair:1   | Cast into level 3 of the Abyss (Grijm's ghost)
 13235 | Abyss:3  | Found a corrupted altar of Lugonu.
 13316 | Abyss:3  | Noticed a starcursed mass
 13331 | Abyss:3  | Killed a starcursed mass
 13351 | Lair:1   | Escaped the Abyss
 13361 | Lair:1   | Killed Grijm's ghost
 13376 | Lair:1   | Lost mutation: Your system is resistant to poisons. (rPois)
                  | [potion of mutation]
 13376 | Lair:1   | Gained mutation: You are frail. (-10% HP) [potion of
                  | mutation]
 13376 | Lair:1   | Gained mutation: Scrolls take you a little longer to read.
                  | [potion of mutation]
 13376 | Lair:1   | Gained mutation: You are strong-willed. (Will+) [potion of
                  | mutation]
 13872 | Lair:2   | Noticed a boulder beetle
 13894 | Lair:2   | Reached XP level 13. HP: 111/111 MP: 12/12
 14756 | Lair:2   | Found a hole to the Spider Nest.
 15053 | Lair:3   | Acquired a +1 vampiric executioner's axe
 15209 | Lair:3   | Received a gift from Trog
 15274 | Lair:3   | Reached skill level 15 in Armour
 15857 | Lair:3   | Reached skill level 15 in Fighting
 16153 | Lair:3   | Reached skill level 17 in Axes
 16328 | Lair:4   | Upgraded the game from 0.27-a0-380-g150de4c to
                  | 0.27-a0-385-g3208aba
 16543 | Lair:4   | HP: 5/113 [alligator (2)]
 16549 | Lair:4   | HP: 4/113 [alligator (6)]
 17202 | Lair:4   | Found a staircase to the Shoals.
 17469 | Lair:4   | Reached XP level 14. HP: 111/121 MP: 4/13
 17781 | Lair:5   | Received a gift from Trog
 17782 | Lair:5   | Reached skill level 18 in Axes
 19002 | Lair:6   | Entered Level 6 of the Lair of Beasts
 19445 | Lair:6   | Found a staircase to the Slime Pits.
 19673 | Lair:6   | Reached skill level 19 in Axes
 20585 | Lair:6   | Found a runed translucent door.
 20589 | Lair:6   | Noticed Montycc's ghost (journeyman MiBe)
 20592 | Lair:6   | Identified the +0 spear of Reason {vorpal, Int+4}
 20632 | Lair:6   | HP: 3/106 [Montycc's ghost (7)]
 20634 | Lair:6   | Mangled by Montycc's ghost

Illustrated notes

Levels and vault maps discovered:
D:1:      lemuel_arrival_tunnels, layout_basic, minmay_crystal_room
D:2:      layout_basic, uniq_robin, uniq_terence
D:3:      layout_basic, nicolae_tso_carved_into_rock, kennysheep_flooded_box
D:4:      layout_basic, serial_shops, shop, uniq_pikel
D:5:      layout_basic, fedhas_altar_fruit_tree, kennysheep_mini,
          hangedman_decor_opposing, chequers_jeans, minmay_ogre_servants
D:6:      layout_loops_ring, uniq_prince_ribbit1
D:7:      minmay_s_stair_smasher, layout_loops_ring,
          makhleb_blood_cavern_becter, minmay_temple_entry_slanted,
          serial_shops, shop, shop, nicolae_shop_overgrown_old_shop, shop,
          minmay_hedge_maze, uniq_maggie, uniq_duvessa, uniq_harold
D:8:      minmay_the_grid_octo_triangle [minmay_the_grid_octo_shrine,
          minmay_the_grid_octo_prize_star, minmay_the_grid_octo_checkered],
          layout_gridville, gammafunk_temple_overflow_elements,
          lemuel_crystal_altar, erik_lair_island, serial_shops,
          nicolae_shop_competitors_out_of_business, uniq_grum
D:9:      layout_gridville, gammafunk_ghost_necromancy, serial_shops, shop
D:10:     layout_roguey [special_room_bee], zombieorc2_lemuel,
          chequers_serial_rivers_micro_c, uniq_nergalle
Temple:   regret_index_temple_generic_petals
Lair:1:   layout_loops_ring, gammafunk_ghost_hydra_chop,
          grunt_forest_large_clearing_hut, serial_bayou_shore_a
Lair:2:   layout_regular_city, spider_nest_entry_webs, grunt_megastairs_1
Lair:3:   hangedman_what_comes_after_a, layout_big_grid,
          nicolae_volcano_entry_s_turn, chequers_serial_rivers_large_b,
          hangedman_lair_unloving_vines, st_stairs_6
Lair:4:   layout_gridlike, minmay_shoals_entry_hut, nzn_random_ring
Lair:5:   layout_big_grid, nicolae_quartered_pool_medium, grunt_megastairs_5
Lair:6:   hangedman_lair_caniforms_friends, layout_hall_layers,
          guppyfry_lair_end_dragon, dpeg_slime_entry_corner,
          ebering_ghost_funeral_grove, wad_woods_road_02

Skill      XL: |  1  2  3  4  5  6  7  8  9 10 11 12 13 14 |
---------------+-------------------------------------------+-----
Fighting       | 4 5 6 7 8 9 11 14 15 | 15.8
Axes           | 4 5 6 8 10 12 14 16 17 19 | 19.9
Armour         | 3 5 6 7 9 11 12 14 15 | 15.6
Throwing       | 1 2 |  2.2
Dodging        | |  2.4

Action                   |  1- 3 |  4- 6 |  7- 9 | 10-12 | 13-15 || total
-------------------------+-------+-------+-------+-------+-------++-------
Melee: Hand axe          |    93 |   154 |     2 |       |       ||   249
       Headbutt          |    13 |    32 |    28 |    79 |   102 ||   254
       War axe           |       |       |   194 |   395 |    49 ||   638
       Battleaxe         |       |       |       |       |   174 ||   174
       Executioner's axe |       |       |       |       |   284 ||   284
Throw: Boomerang         |       |       |       |    24 |    17 ||    41
Invok: Berserk           |     1 |     3 |     4 |    11 |     7 ||    26
       Trog's Hand       |     1 |     2 |       |     1 |     3 ||     7
       Brothers in Arms  |       |       |       |     1 |     5 ||     6
Evoke: Wand              |       |       |       |       |     1 ||     1
  Use: Scroll            |     3 |     3 |    11 |    13 |     7 ||    37
       Potion            |     2 |     1 |     4 |     7 |    12 ||    26
 Stab: Invisible         |       |       |       |       |     4 ||     4
       Petrified         |       |       |       |       |     1 ||     1
Armor: Leather armour    |     6 |       |       |       |       ||     6
       Animal skin       |     1 |       |       |       |       ||     1
       Chain mail        |    40 |    52 |       |       |       ||    92
       Plate armour      |       |     8 |   130 |   287 |   644 ||  1069
Dodge: Dodged            |    46 |    74 |    61 |   193 |   367 ||   741

Table legend: (Time is in decaauts)
 A = Elapsed time spent in this place.
 B = Non-inter-level travel time spent in this place.
 C = Inter-level travel time spent in this place.
 D = Time resting spent in this place.
 E = Time spent auto-exploring this place.
 F = Levels seen in this place.
 G = Mean time per level.
                   A        B        C        D        E       F      G
               +--------+--------+--------+--------+--------+-----+--------+
         Total |  20800 |  20270 |    530 |   4474 |   8702 |  18 | 1155.6 |
       Dungeon |  12016 |  11571 |    445 |   2436 |   4478 |  10 | 1201.6 |
        Temple |    249 |    249 |      0 |      0 |      0 |   1 |  249.0 |
          Lair |   8408 |   8324 |     84 |   2037 |   4152 |   6 | 1401.3 |
         Abyss |    125 |    125 |      0 |      0 |     71 |   1 |  125.0 |
               +--------+--------+--------+--------+--------+-----+--------+

Top non-repeatable levels by time:
  Lair:6: 1667 daAuts
     D:8: 1646 daAuts
     D:1: 1607 daAuts
  Lair:4: 1462 daAuts
  Lair:1: 1377 daAuts
  Lair:3: 1364 daAuts
  Lair:2: 1311 daAuts
     D:4: 1301 daAuts
     D:9: 1233 daAuts
  Lair:5: 1224 daAuts
     D:2: 1150 daAuts
     D:7: 1138 daAuts
     D:5: 1127 daAuts
    D:10: 1056 daAuts
     D:6: 937 daAuts
